Map: Apothéose EC

Players

RedBaron

  • Race: Zerg Zerg
  • League: Platinum

IA (très facile) - Winner!

  • Race: Protoss Protoss

VOD

Have the link to the VOD?

Description

Time

  • Played on: Aug. 29, 2016, 3:45 a.m.
  • Length: 5:11
Show
View Real Time Build Order
Export as new Build Order

RedBaron Zerg 

Build Orders: 3 Hatch before Pool 

Get SALT Encoding   

  12  0:01  Drone  
  13  0:12  Overlord  
  13  0:18  Drone  
  14  0:32  Drone x2  
  14  0:35  Drone  
  17  0:53  Hatchery  
  17  0:56  Drone  
  17  1:21  Drone, Hatchery  
  17  1:30  Drone, Extractor  
  17  1:33  Drone  
  18  1:46  Spawning Pool  
  17  1:50  Drone x2  
  19  1:58  Drone  
  20  2:10  Drone  
  20  2:11  Drone  
  22  2:16  Overlord  
  22  2:22  Drone  
  23  2:27  Drone  
  24  2:31  Drone  
  24  2:32  Queen  
  27  2:38  Queen  
  29  2:45  Zergling x2  
  29  2:50  Metabolic Boost  
  30  2:57  Queen  
  32  3:05  Overlord  
  32  3:08  Drone  
  32  3:09  Drone  
  32  3:10  Drone  
  35  3:16  Roach Warren  
  35  3:17  Extractor  
  33  3:21  Queen  
  35  3:33  Queen  
  37  3:43  Drone x3  
  37  3:45  Overlord  
  37  3:47  Overlord  
  40  3:52  Drone x2  
  40  3:53  Drone  
  43  3:57  Drone  
  43  3:58  Drone  
  45  4:09  Lair  
  45  4:12  Drone  
  46  4:20  Drone  
  46  4:21  Drone x2  
  49  4:24  Overlord  
  49  4:26  Overlord  
  49  4:28  Drone x2  
  49  4:29  Drone  
  52  4:34  Drone  
  52  4:38  Extractor  
  52  4:39  Extractor  
  52  4:40  Drone  
  52  4:46  Drone x2  
  52  4:47  Drone  
Show
View Real Time Build Order
Export as new Build Order

IA (très facile) Protoss - Winner!

Build Orders:  

Get SALT Encoding   

  12  0:01  Probe (Chrono Boost)  
  13  0:11  Probe (Chrono Boost)  
  14  0:19  Pylon  
  14  0:37  Assimilator  
  14  0:42  Gateway  
  14  0:46  Pylon  
  14  1:14  Assimilator  
  14  1:28  Zealot, Probe (Chrono Boost)  
  17  1:33  Cybernetics Core  
  17  1:39  Probe (Chrono Boost)  
  18  1:50  Probe (Chrono Boost)  
  19  1:59  Warp Gate  
  19  2:01  Probe (Chrono Boost)  
  20  2:12  Probe (Chrono Boost)  
  22  2:23  Probe (Chrono Boost)  
  22  2:35  Stalker  
  24  4:16  Probe (Chrono Boost)  
Tags
 
Add a new tag
Caveats
  • Supply blocks, unpowered buildings, or Contaminate may cause inaccurate times.
  • Supply counts are checked every 10 seconds.